 Dungeon Crawl Stone Soup version 0.23.2-40-g277498a (webtiles) character file.

Game seed: 4210445263274831943

564 BoppinsLewinski the Cleaver (level 7, 0/45 HPs)
             Began as a Halfling Fighter on Sept 13, 2019.
             Slain by a killer bee (1 damage)
             ... on level 3 of the Dungeon.
             The game lasted 00:05:03 (2392 turns).

BoppinsLewinski the Cleaver (Halfling Fighter)      Turns: 2392, Time: 00:05:04

Health: 0/45       AC: 11    Str: 18    XL:     7   Next: 58%
Magic:  9/11       EV: 12    Int:  6    God:
Gold:   94         SH: 10    Dex: 18    Spells: 12/12 levels left

rFire    + . .     SeeInvis +   a - +0 war axe
rCold    + . .     Gourm    .   c - +0 shield
rNeg     . . .     Faith    .   b - +0 plate armour
rPois    .         Spirit   .   (no helmet)
rElec    .         Reflect  .   u - scarf {rC+ rF+}
rCorr    .         Harm     .   (no gloves)
MR       .....                  (no boots)
Stlth    ..........             (no amulet)
HPRegen  0.15/turn              i - ring of see invisible
MPRegen  0.12/turn              (no ring)

@: agile, lethally poisoned (0 -> -6)
A: small, clumsy 1, mutation resistance 1
a: no special abilities


You were on level 3 of the Dungeon.
You were hungry.

You visited 1 branch of the dungeon, and saw 3 of its levels.

You collected 94 gold pieces.

Inventory:

Hand Weapons
 a - a +0 war axe (weapon)
Armour
 b - a +0 plate armour (worn)
 c - a +0 shield (worn)
 u - a scarf of resistance (worn)
Jewellery
 d - a cursed -3 ring of protection {unknown}
 i - a ring of see invisible (left hand)
 q - an uncursed ring of resist corrosion {unknown}
Wands
 v - a wand of flame (11)
Scrolls
 e - 3 scrolls of identify {unknown}
 g - 3 scrolls of immolation {unknown}
 h - 2 scrolls of blinking {unknown}
 j - a scroll of enchant armour {unknown}
 l - a scroll of noise {unknown}
 o - a scroll of teleportation {unknown}
 p - 3 scrolls of remove curse {unknown}
 r - a scroll of fear {unknown}
 s - a scroll of amnesia {unknown}
Comestibles
 f - 8 rations


   Skills:
 - Level 2.6 Fighting
 * Level 9.0 Axes
 + Level 4.2 Throwing
 - Level 3.2 Armour
 + Level 5.1 Dodging
 + Level 5.3 Stealth
 - Level 3.2 Shields
 + Level 3.3 Unarmed Combat
 + Level 3.0 Spellcasting
 + Level 4.1 Evocations


You had 12 spell levels left.
You didn't know any spells.
Your spell library was empty.

Dungeon Overview and Level Annotations

Branches:
Dungeon (3/15)

Altars:

Annotations:
D:2 1 runed translucent door, Crazy Yiuf


Innate Abilities, Weirdness & Mutations

You are small and have problems with some larger weapons.
You are somewhat resistant to further mutation.
You are clumsy. (Dex -2)


Message History

You feel sick. You block the killer bee's attack.
The killer bee barely misses you. x3; The killer bee completely misses you.
You block the killer bee's attack. The killer bee closely misses you.
The killer bee stings you.
* * * LOW HITPOINT WARNING * * *
The killer bee completely misses you.
The killer bee stings you but does no damage.
You block the killer bee's attack. The killer bee barely misses you.
You block the killer bee's attack. The killer bee completely misses you.
The killer bee stings you but does no damage.
The killer bee closely misses you.
Unknown command.
* * * LOW HITPOINT WARNING * * *
You feel sick. You block the killer bee's attack.
The killer bee closely misses you.
The killer bee stings you but does no damage.
The killer bee stings you.
* * * LOW HITPOINT WARNING * * *
The killer bee stings you.
You die...

#. .!... #.......... .....
#...........#.#
.....####...........#.##
....................#..#
....................#..#
....................#..#
.........yy.........#..#
......†.gy@............####
.##.##?##y.................
#. ##########'##..###. 'y
#.##..# #. .## #.##..###.
.# #.##..#... .. #.##......
.. #.##.####. #.##.# #.


You could see 4 killer bees and a hobgoblin.

Vanquished Creatures
  2 killer bees (D:3)
  A vampire bat (D:3)
  Jessica (D:2)
  Terence (D:2)
  4 adders (D:2)
  3 oozes (D:1)
  4 worms (D:2)
  2 dart slugs (D:2)
  A leopard gecko (D:2)
  9 bats
  6 giant cockroaches
  6 goblins
  11 hobgoblins
  8 jackals (D:1)
  2 quokkas (D:2)
  3 ball pythons (D:2)
  11 frilled lizards
  11 kobolds
  9 rats
95 creatures vanquished.

Notes
Turn   | Place    | Note
-------+----------+-------------------------------------------
     0 | D:1      | BoppinsLewinski the Halfling Fighter began the quest for
                  | the Orb.
     0 | D:1      | Reached XP level 1. HP: 15/15 MP: 1/1
    52 | D:1      | Reached XP level 2. HP: 13/20 MP: 2/2
    76 | D:1      | Reached skill level 3 in Axes
    77 | D:1      | Reached XP level 3. HP: 14/25 MP: 3/3
   654 | D:1      | Reached XP level 4. HP: 25/30 MP: 4/4
   747 | D:1      | Reached skill level 4 in Axes
   979 | D:2      | Reached skill level 1 in Dodging
  1061 | D:2      | Noticed Jessica
  1068 | D:2      | Killed Jessica
  1068 | D:2      | Reached XP level 5. HP: 30/35 MP: 5/5
  1521 | D:2      | Reached skill level 5 in Axes
  1715 | D:2      | Found a runed translucent door.
  1716 | D:2      | Noticed Crazy Yiuf
  1891 | D:2      | Noticed Terence
  1898 | D:2      | Killed Terence
  1898 | D:2      | Reached XP level 6. HP: 41/41 MP: 6/6
  2271 | D:3      | Reached skill level 6 in Axes
  2368 | D:3      | Reached skill level 8 in Axes
  2368 | D:3      | Reached skill level 5 in Dodging
  2368 | D:3      | Reached skill level 5 in Stealth
  2368 | D:3      | Reached XP level 7. HP: 36/45 MP: 6/11
  2370 | D:3      | Gained mutation: You are clumsy. (Dex -2) [potion of
                  | mutation]
  2382 | D:3      | Reached skill level 9 in Axes
  2392 | D:3      | HP: 1/45 [killer bee (2)]
  2392 | D:3      | Slain by a killer bee

Skill      XL: |  1  2  3  4  5  6  7 |
---------------+----------------------+-----
Axes           | 3 4 5 8 9 |  9.0
Dodging        | 1 5 |  5.1
Throwing       | 4 |  4.2
Stealth        | 5 |  5.3
Unarmed Combat | 3 |  3.3
Spellcasting   | 3 |  3.0
Evocations     | 4 |  4.1
Fighting       | |  2.6
Armour         | |  3.2
Shields        | |  3.2

Action                   |  1- 3 |  4- 6 |  7- 9 || total
-------------------------+-------+-------+-------++-------
Melee: War axe           |    97 |   191 |    14 ||   302
  Use: Potion            |     1 |     2 |     3 ||     6
  Eat: Chunk             |       |     5 |       ||     5
Armor: Scale mail        |    36 |    32 |       ||    68
       Chain mail        |       |     9 |       ||     9
       Plate armour      |       |    60 |    26 ||    86
Dodge: Dodged            |    35 |    58 |    35 ||   128
Block: Shield            |    49 |   112 |    37 ||   198
